 Dungeon Crawl Stone Soup version 0.20.1-1-g8b1a95d (webtiles) character file.

48 dvd the Scratcher (level 3, -1/15 HPs)
             Began as a Felid Transmuter on Sept 9, 2017.
             Killed from afar by Natasha (10 damage)
             ... with a magic dart
             ... on level 3 of the Dungeon.
             The game lasted 00:08:05 (2955 turns).

dvd the Scratcher (Felid Transmuter)                Turns: 2955, Time: 00:08:06

Health: -1/15      AC:  2    Str:  6    XL:     3   Next: 50%
Magic:  5/8        EV: 22    Int: 15    God:
Gold:   78         SH:  0    Dex: 21    Spells: 3/7 levels left
                                        Lives:  0   Deaths: 1

rFire    . . .     SeeInvis +     - Unarmed
rCold    . . .     Gourm    .   (shield unavailable)
rNeg     . . .     Faith    .   (armour unavailable)
rPois    x         Spirit   .   (helmet unavailable)
rElec    .         Reflect  .   (cloak unavailable)
rCorr    .         Harm     .   (gloves unavailable)
MR       .....                  (boots unavailable)
Stlth    ++........             (no amulet)
Regen    0.1/turn               (no ring)
MPRegen  0.2/turn               (no ring)

@: spider-form
A: no armour, no weapons or thrown items, stealth, see invisible, carnivore 3,
slow metabolism 1
a: End Transformation


You were on level 3 of the Dungeon.
You were completely stuffed.
You were a venomous arachnid creature.
You visited 1 branch of the dungeon, and saw 3 of its levels.

You collected 78 gold pieces.

Inventory:

Missiles
 a - 12 arrows
Scrolls
 e - a scroll of remove curse {unknown}
 f - 4 scrolls of identify {unknown}
 j - 2 scrolls of teleportation {unknown}
 k - 2 scrolls of magic mapping {unknown}
 l - a scroll of immolation {unknown}
Potions
 d - a potion of lignification {unknown}
 g - 4 potions of curing {unknown}
 h - 2 potions of heal wounds {unknown}
 m - a potion of magic {unknown}
Books
 b - a book of Changes

   Spells                             Type                      Level
   a - Beastly Appendage              Transmutation                1
   b - Sticks to Snakes               Transmutation                2
   c - Spider Form                    Transmutation/Poison         3
   d - Ice Form                       Ice/Transmutation            4
   e - Blade Hands                    Transmutation                5
Comestibles
 c - 2 meat rations


   Skills:
 + Level 1.4 Fighting
 + Level 3.5 Dodging
 + Level 0.8 Stealth
 + Level 3.8 Unarmed Combat
 + Level 2.7 Spellcasting
 * Level 2.5 Transmutations
 + Level 0.1 Poison Magic


You had 3 spell levels left.
You knew the following spells:

 Your Spells              Type           Power        Failure   Level  Hunger
a - Beastly Appendage     Tmut           #.....       19%         1    #......
b - Spider Form           Tmut/Pois      #.........   56%         3    ###....


Dungeon Overview and Level Annotations

Branches:
Dungeon (3/15)

Altars:

Annotations:
D:3 Natasha


Innate Abilities, Weirdness & Mutations

You cannot wear armour.
You are incapable of wielding weapons or throwing items.
Your paws allow you to move quietly. (Stealth)
((You have sharp claws.))
((You have razor-sharp teeth.))
You have supernaturally acute eyesight. (SInv)
You are carnivorous and can eat meat at any time.
((You cover ground quickly.))
((You are covered in fur. (AC +1)))
You have a slow metabolism.
((Your sharp claws are effective at attacking unaware monsters.))


Message History

You start resting.
HP restored.
Casting: Spider Form
Confirm with . or Enter, or press ? or * to list all spells.
You turn into a venomous arachnid creature.
You climb downwards.
Level annotation: Natasha
There is a stone staircase leading up here.
Unknown command.
Natasha casts a spell at you. The magic dart hits you!
You hit Natasha.
Natasha is poisoned.
Natasha is moderately wounded.
Natasha completely misses you.
You hit Natasha but do no damage.
Natasha looks as sick as possible!
Natasha is moderately wounded.
Natasha casts a spell at you. The magic dart hits you!
Ouch! That really hurt!
You die...

#.. ######## #.# # #......#
#.####.# #..?...#
#######.#....#
####......#######.....#.#.###
...................># #.#.#<#
####..(...####.#<)..#.#.#..g#
####......## #.÷......#(###.###
5..'.......# #..s.....#.).....#
####......s####.h....########.#
#...###gb##.......... .# #...#
##†##.#...##### ## #####
#..#'#...# ##.......# ......##
#......# $.....#


You could see Natasha.

Vanquished Creatures
  2 adders
  2 gnolls (D:3)
  2 dart slugs (D:1)
  A giant cockroach (D:3)
  10 goblins
  8 hobgoblins
  2 ball pythons (D:2)
  6 bats
  4 frilled lizards
  7 kobolds
  7 rats
51 creatures vanquished.

Notes
Turn   | Place    | Note
-------+----------+-------------------------------------------
     0 | D:1      | dvd the Felid Transmuter began the quest for the Orb.
     0 | D:1      | Reached XP level 1. HP: 9/9 MP: 4/4
   519 | D:1      | Reached XP level 2. HP: 12/12 MP: 4/6
  1539 | D:2      | Reached XP level 3. HP: 14/15 MP: 5/7
  1754 | D:2      | Learned a level 3 spell: Spider Form
  2420 | D:3      | Reached XP level 4. HP: 13/19 MP: 6/9
  2422 | D:3      | Noticed Natasha
  2444 | D:3      | Slain by a hobgoblin
  2445 | D:3      | Reached XP level 3. HP: 0/15 MP: 8/8
  2955 | D:3      | Killed from afar by Natasha

Skill      XL: |  1 |
---------------+----+-----
Dodging        | 3 |  3.5
Fighting       | |  1.4
Stealth        | |  0.8
Unarmed Combat | |  3.8
Spellcasting   | |  2.7
Transmutations | |  2.5
Poison Magic   | |  0.1

Action                   |  1- 3 |  4- 6 || total
-------------------------+-------+-------++-------
Melee: Unarmed           |   130 |     1 ||   131
       Headbutt          |    13 |       ||    13
       Bite              |    10 |       ||    10
       Punch             |     1 |       ||     1
 Cast: Beastly Appendage |    31 |       ||    31
       Spider Form       |     5 |       ||     5
 Stab: Sleeping          |     1 |       ||     1
  Eat: Chunk             |    18 |       ||    18
Armor: Skin              |     3 |     3 ||     6
Dodge: Dodged            |    90 |    20 ||   110
